 Dungeon Crawl Stone Soup version 0.27.1-33-g824d729ab1 (webtiles) character file.

Game seed: 11694791677420399419

87 hilljack the Digger (level 4, -7/24 HPs)
             Began as a Gargoyle Earth Elementalist on Nov 28, 2021.
             Mangled by Ijyb the fire bat (9 damage)
             ... on level 3 of the Dungeon.
             The game lasted 00:03:17 (2098 turns).

hilljack the Digger (Gargoyle Earth Elementalist)   Turns: 2098, Time: 00:03:18

Health: -7/24      AC:  5    Str: 18    XL:     4   Next: 51%
Magic:  6/8        EV: 12    Int: 16    God:
Gold:   105        SH:  0    Dex: 16    Spells: 7/8 levels left

rFire    . . .     SeeInvis .   d - +0 short sword
rCold    . . .     Faith    .   (no shield)
rNeg     + . .     Spirit   .   b - +0 robe
rPois    ∞         Reflect  .   (no helmet)
rElec    +         Harm     .   (no cloak)
rCorr    .         Rampage  .   (no gloves)
Will     .....                  (no boots)
Stlth    ++........             (no amulet)
HPRegen  0.08/turn              f - +6 ring of dexterity
MPRegen  0.11/turn              i - +6 ring of strength

@: no status effects
A: sickness immunity, AC +3, negative energy resistance 1, electricity
resistance, torment resistance 1, petrification resistance
a: no special abilities


You were on level 3 of the Dungeon.
You visited 1 branch of the dungeon, and saw 4 of its levels.

You collected 105 gold pieces.

Inventory:

Hand Weapons
 d - a +0 short sword (weapon)
Missiles
 c - 62 stones
Armour
 b - a +0 robe (worn)
 j - a +3 scale mail of willpower
Jewellery
 f - a +6 ring of dexterity (left hand)
 i - a +6 ring of strength (right hand)
Wands
 k - a wand of polymorph (1)
Scrolls
 a - a scroll of teleportation
 e - a scroll of identify
 h - a scroll of amnesia {unknown}
Potions
 g - a potion of heal wounds


   Skills:
 - Level 1.5 Dodging
 - Level 2.1 Stealth
 + Level 2.7 Spellcasting
 - Level 0.7 Transmutations
 * Level 5.6 Earth Magic


You had 7 spell levels left.
You knew the following spells:

 Your Spells              Type           Power      Damage    Failure   Level
a - Sandblast             Erth           40%        2d10      1%          1

Your spell library contained the following spells:

 Spells                   Type           Power      Damage    Failure   Level
 Passwall                 Tmut/Erth      10%        N/A       8%          2
 Stone Arrow              Conj/Erth      22%        3d8       19%         3
 Petrify                  Tmut/Erth      12%        N/A       45%         4
 Gell's Gravitas          Tloc           1%         N/A       50%         3
 Teleport Other           Tloc           2%         N/A       50%         3
 Animate Armour           Summ/Erth      22%        N/A       52%         4
 Dispersal                Tloc           1%         N/A       100%        6
 Lehudib's Crystal Spear  Conj/Erth      5%         10d3      100%        8


Dungeon Overview and Level Annotations

Branches:
Dungeon (4/15)
 Temple: D:4-7

Altars:
Dithmenos

Annotations:
D:3 Ijyb


Innate Abilities, Weirdness & Mutations

You are immune to sickness and miasma.
Your stone body is resilient. (AC +3)
You are immune to poison.
You resist negative energy. (rN+)
You are resistant to electric shocks. (rElec)
You are resistant to unholy torment.
You are immune to petrification.


Message History

Aiming: Polymorph
Press: ? - help, Shift-Dir - straight line, f - Ijyb
Aim: Ijyb, wielding a +0 dagger, wearing a +0 ring mail and carrying a wand of flame (12) (will become a jelly, a hound, or a river rat, chance to affect: 54%) Ijyb evaporates and reforms as a jelly!
Aiming: Polymorph
Press: ? - help, Shift-Dir - straight line, f/p - Ijyb
Aim: Ijyb the jelly (will become a killer bee, a frilled lizard, or a steam dragon, chance to affect: 54%) Ijyb the jelly evaporates and reforms as a steam dragon!
Aiming: Polymorph
Press: ? - help, Shift-Dir - straight line, f/p - Ijyb
Aim: Ijyb the steam dragon (will become a sky beast, a killer bee, or a fire bat, chance to affect: 46%) Ijyb resists with some effort.
Aiming: Polymorph
Press: ? - help, Shift-Dir - straight line, f/p - Ijyb
Aim: Ijyb the steam dragon (will become a sky beast, a killer bee, or a fire bat, chance to affect: 46%) Ijyb resists with some effort.
Aiming: Polymorph
Press: ? - help, Shift-Dir - straight line, f/p - Ijyb
Aim: Ijyb the steam dragon (will become a sky beast, a killer bee, or a fire bat, chance to affect: 46%) Ijyb the steam dragon evaporates and reforms as a fire bat!
Ijyb bites you.
You are engulfed in flames!
Casting: Sandblast (safe; 1% risk of failure)
Confirm with . or Enter, or press ? or * to list all spells.
Aiming: Sandblast (safe; 1% risk of failure)
Press: ? - help, Shift-Dir - straight line, f/p - Ijyb
Aim: Ijyb the fire bat (71% to hit)
The blast of sand hits Ijyb!
Ijyb is heavily wounded.
Ijyb closely misses you.
Casting: Sandblast (safe; 1% risk of failure)
Confirm with . or Enter, or press ? or * to list all spells.
Aiming: Sandblast (safe; 1% risk of failure)
Press: ? - help, Shift-Dir - straight line, f/p - Ijyb
Aim: Ijyb the fire bat (heavily wounded, 71% to hit)
The blast of sand misses Ijyb.
Ijyb bites you.
You are engulfed in flames.
* * * LOW HITPOINT WARNING * * *
Ijyb bites you.
* * * LOW HITPOINT WARNING * * *
You are engulfed in flames!
You die...

#..................#
#.################.# #.#
#.# #.# #.# #.# ### #.#
#.#####.# #^##
#....##.##########...
#######.##..........#...
......b@..........>.....
#######J##.#......#.#...
#.##.#.###..#.##..
#.##........#.#...
##.#####)...#......#.####
......).....#.........
.#..........#......#.#
#..###............... #.
........#. #.#


You could see Ijyb the fire bat and an endoplasm.

Vanquished Creatures
  Terence (D:2)
  2 adders (D:2)
  2 ball pythons
  4 endoplasms (D:1)
  5 giant cockroaches
  6 goblins
  5 hobgoblins
  3 jackals (D:2)
  3 kobolds
  A quokka (D:2)
  A bat (D:2)
  A frilled lizard (D:1)
  5 rats
39 creatures vanquished.

Notes
Turn   | Place    | Note
-------+----------+-------------------------------------------
     0 | D:1      | hilljack the Gargoyle Earth Elementalist began the quest
                  | for the Orb.
     0 | D:1      | Reached XP level 1. HP: 10/10 MP: 3/3
   118 | D:1      | Reached skill level 4 in Earth Magic
   148 | D:1      | Reached XP level 2. HP: 15/15 MP: 1/5
   870 | D:2      | Found a shadowy altar of Dithmenos.
   899 | D:2      | Reached XP level 3. HP: 19/19 MP: 6/6
   922 | D:2      | Noticed Terence
   926 | D:2      | Killed Terence
   927 | D:2      | Reached skill level 5 in Earth Magic
   983 | D:2      | Reached XP level 4. HP: 4/24 MP: 2/7
  1968 | D:3      | Noticed Ijyb
  2092 | D:3      | Noticed Ijyb
  2092 | D:3      | Ijyb changed into Ijyb the jelly
  2093 | D:3      | Noticed Ijyb
  2093 | D:3      | Ijyb the jelly changed into Ijyb the steam dragon
  2096 | D:3      | Noticed Ijyb
  2096 | D:3      | Ijyb the steam dragon changed into Ijyb the fire bat
  2098 | D:3      | Mangled by Ijyb the fire bat

Illustrated notes

Levels and vault maps discovered:
D:1:      wander_arrival_desolate, layout_basic
D:2:      layout_basic, basic_altar, uniq_terence
D:3:      layout_basic, hellmonk_ecumenical_altar_inner_sanctum,
          chequers_serial_rivers_small_b, minmay_misc_feat_room, uniq_ijyb
D:4:      layout_rooms, grunt_temple_overflow_open, minmay_temple_entry_waves,
          uniq_pikel

Skill      XL: |  1  2  3 |
---------------+----------+-----
Earth Magic    | 4 5 |  5.6
Dodging        | |  1.5
Stealth        | |  2.1
Spellcasting   | |  2.7
Transmutations | |  0.7

Action                   |  1- 3 |  4- 6 || total
-------------------------+-------+-------++-------
Melee: Unarmed           |     1 |       ||     1
       Short sword       |    23 |    56 ||    79
 Cast: Sandblast         |    27 |     2 ||    29
Evoke: Wand              |       |     5 ||     5
  Use: Scroll            |       |     3 ||     3
 Stab: Sleeping          |     2 |     1 ||     3
Armor: Robe              |     8 |    25 ||    33
Dodge: Dodged            |    22 |    43 ||    65
